 Dungeon Sprint DCSS version 0.20-a0-1089-g3fde505 (webtiles) character file.

10101 Kidiri the Eclecticist (level 11, -4/75 HPs)
             Began as a Deep Elf Fire Elementalist on May 2, 2017.
             Was the Champion of Vehumet.
             Slain by Rupert
             ... wielding a +2 battleaxe of holy wrath
              (19 damage)
             ... in the Dungeon (Sprint III: "The Ten Rune Challenge").
             The game lasted 00:18:16 (3267 turns).

Kidiri the Eclecticist (Deep Elf Fire Elementalist) Turns: 3267, Time: 00:18:17

Health: -4/75      AC:  5    Str:  7    XL:     11   Next: 31%
Magic:  6/34       EV: 21    Int: 24    God:    Vehumet [******]
Gold:   3088       SH:  0    Dex: 17    Spells: 17/44 levels left

rFire    . . .     SeeInvis .   k - +0 dagger
rCold    . . .     Gourm    .   (no shield)
rNeg     . . .     Faith    .   a - +0 robe
rPois    .         Spirit   .   (no helmet)
rElec    .         Reflect  .   m - +0 cloak
rCorr    .         Harm     .   n - +0 pair of gloves
MR       +....     Clarity  +   (no boots) Stlth +++.......NoTele +
                                (no amulet)
Regen    0.3/turn               (no ring)
MPRegen  0.3/turn               (no ring)

@: very slightly contaminated, hasted, very quick
A: thin skeletal structure 1, clarity, robust 1, strong 1
a: Renounce Religion


You were in the Dungeon.
You worshipped Vehumet.
Vehumet was exalted by your worship.
You were not hungry.

You visited 1 branch You collected 3088 gold pieces.

Inventory:

Hand Weapons
 k - a +0 dagger (weapon)
Armour
 a - a +0 robe (worn)
 m - a +0 cloak (worn)
 n - a +0 pair of gloves (worn)
Wands
 b - a wand of flame (18/48)
 p - a wand of iceblast (8/15)
Scrolls
 o - a scroll of holy word
 q - a scroll of remove curse {unknown}
 s - a scroll of immolation {unknown}
Potions
 d - a potion of curing
 e - 2 potions of heal wounds
 g - 2 potions of magic
 h - a potion of berserk rage
 l - 2 potions of flight
 u - a potion of resistance
Comestibles
 c - 17 chunks of flesh
 j - 26 royal jellies
 r - a meat ration


   Skills:
 + Level 8.5 Fighting
 + Level 9.7 Short Blades
 + Level 8.3 Armour
 + Level 11.9 Dodging
 - Level 2.4 Stealth
 * Level 17.1 Spellcasting
 + Level 10.8 Conjurations
 + Level 11.0 Fire Magic
 + Level 7.4 Poison Magic


You had 17 spell levels left.
You knew the following spells:

 Your Spells              Type           Power        Failure   Level  Hunger
a - Flame Tongue          Conj/Fire      #####        1%          1    None
b - Throw Flame           Conj/Fire      ######       1%          2    None
c - Conjure Flame         Conj/Fire      ######..     1%          3    None
d - Inner Flame           Hex/Fire       #####...     1%          3    None
e - Sticky Flame          Conj/Fire      ######..     1%          4    None
f - Fireball              Conj/Fire      ######....   1%          5    None
g - Olgreb's Toxic Radia  Pois           ######..     1%          4    None
h - Bolt of Magma         Conj/Fire/Erth ######....   1%          5    None


Dungeon Overview and Level Annotations

Branches:
Dungeon (1/1)

Altars:
Cheibriados
Dithmenos
Elyvilon
Fedhas
Gozag
Hepliaklqana
Kikubaaqudgha
Makhleb
Nemelex Xobeh
Okawaru
Qazlal
Ru
Sif Muna
Trog
Uskayaw
Vehumet
Wu Jian
Xom
Yredelemnul
Zin
The Shining One
Beogh
Jiyva
Lugonu

Shops:
D *

Annotations:
D exclusion: 3 doors, Rupert


Innate Abilities, Weirdness & Mutations

You have a somewhat thin skeletal structure. (Dex +2, Stealth)
You possess an exceptional clarity of mind.
You are robust. (+10% HP)
Your muscles are strong. (Str +2)


Message History

Aiming: Bolt of Magma
Press: ? - help, Shift-Dir - straight line, f/p - Rupert
Aim: Rupert, wielding a battleaxe of holy wrath and wearing a runed scale mail (heavily wounded, slow, poisoned)
The bolt of magma hits Rupert.
Rupert partially resists.
Rupert is severely wounded.
Rupert yells loudly at you.
You suddenly lose the ability to move!
Rupert yells loudly at you.
You feel momentarily confused.
You can move again.
Casting: Bolt of Magma
Confirm with . or Enter, or press ? or * to list all spells.
Aiming: Sticky Flame
Press: ? - help, Shift-Dir - straight line, f/p - Rupert
Aim: Rupert, wielding a battleaxe of holy wrath and wearing a runed scale mail (severely wounded, slow, poisoned)
The sticky flame hits Rupert.
Rupert resists.
Rupert is severely wounded.
Rupert is covered in liquid flames!
Rupert hits you with a battleaxe of holy wrath!!
You die...

'.⌠........#.#.###.#.##
#...######'#.### #..#.#
#.⌠.#__#..)#'####################
#...#__#...#....#.#.#.....#.....^
#+###__#...##.#..#.##.###)#......
#.):#__#...'##.#.#.##.#.)##......
#___#__+...#...#..#).##..'.(....(
▓▓▓▓▓▓▓▓▓▓▓▓▓▓▓▓▓▓▓▓▓▓▓▓▓#.(...((
....♣♣♣♣§≈≈....@@..≈≈≈...#...(...
≈≈≈≈'♣♣'♣≈≈≈≈≈≈≈≈≈≈≈≈♣♣P.'.(.(...
....#.≈♣♣♣♣♣♣♣♣♣♣♣♣♣♣♣♣PP#.....(.
♣♣♣♣#..♣♣ ♣♣♣##+##### ###'♣♣♣♣♣
♣♣♣♣.##..## ♣...##.##.#
♣♣.##.##(##+ ♣..#.##)..#


You could see Rupert (burning).

Vanquished Creatures
  Erolcha (D)
  An orc high priest (D)
  Urug (D)
  A lindwurm (D)
  A deep elf mage (D)
  2 spiny frogs (D)
  A rime drake (D)
  A komodo dragon (D)
  A queen bee (D)
  3 wandering mushrooms (D)
  2 tyrant leeches (D)
  5 blink frogs (D)
  5 redbacks (D)
  A shadow (D)
  A spatial vortex (D)
  2 orc warriors (D)
  A swamp drake (D)
  A necrophage (D)
  5 two-headed ogres (D)
  A water elemental (D)
  32 killer bees (D)
  A jelly (D)
  3 orc priests (D)
  2 orc wizards (D)
  Crazy Yiuf (D)
  Jessica (D)
  A wizard (D)
  A necromancer (D)
  A kobold demonologist (D)
  3 humans (D)
  10 orcs (D)
  3 rats (D)
96 creatures vanquished.

Vanquished Creatures (others)
  2 draconian scorchers (D)
  6 hellions (D)
  A yaktaur (D)
  4 plants (D)
13 creatures vanquished.

Grand Total: 109 creatures vanquished

Notes
Turn   | Place    | Note
-------+----------+-------------------------------------------
     0 | D        | Kidiri the Deep Elf Fire Elementalist began the quest for the Orb.
     0 | D        | Reached XP level 1. HP: 10/10 MP: 6/6
    92 | D        | Killed a hellion
    92 | D        | Killed a hellion
   115 | D        | Killed a hellion
   115 | D        | Killed a hellion
   115 | D        | Killed a hellion
   133 | D        | Noticed Jessica
   137 | D        | Killed Jessica
   137 | D        | Reached skill level 1 in Fighting
   137 | D        | Reached skill level 1 in Short Blades
   137 | D        | Reached skill level 1 in Armour
   137 | D        | Reached skill level 5 in Spellcasting
   137 | D        | Reached XP level 2. HP: 16/16 MP: 5/10
   141 | D        | Learned a level 2 spell: Throw Flame
   185 | D        | Reached XP level 3. HP: 21/21 MP: 1/12
   190 | D        | Learned a level 3 spell: Conjure Flame
   194 | D        | Learned a level 3 spell: Inner Flame
   194 | D        | Noticed Crazy Yiuf
   207 | D        | Killed a white draconian scorcher
   216 | D        | Killed a hellion
   220 | D        | Killed a white draconian scorcher
   267 | D        | Killed Crazy Yiuf
   267 | D        | Reached skill level 6 in Spellcasting
   267 | D        | Reached XP level 4. HP: 12/26 MP: 10/14
   273 | D        | Learned a level 4 spell: Sticky Flame
   298 | D        | Gained mutation: Armour fits poorly on your strangely shaped body. [potion of mutation]
   298 | D        | Gained mutation: You are weak. (Str -2) [potion of mutation]
   298 | D        | Gained mutation: You expend magic power (3 MP) to strengthen your wands. [potion of mutation]
   298 | D        | Gained mutation: You have a pair of small antennae on your head. [potion of mutation]
   299 | D        | Lost mutation: You have a pair of small antennae on your head. [potion of mutation]
   299 | D        | Lost mutation: You are weak. (Str -2) [potion of mutation]
   299 | D        | Lost mutation: You expend magic power (3 MP) to strengthen your wands. [potion of mutation]
   299 | D        | Gained mutation: You possess an exceptional clarity of mind. [potion of mutation]
   299 | D        | Gained mutation: You are weak. (Str -2) [potion of mutation]
   299 | D        | Gained mutation: You have a somewhat thin skeletal structure. (Dex +2, Stealth) [potion of mutation]
   300 | D        | Lost mutation: Armour fits poorly on your strangely shaped body. [potion of mutation]
   300 | D        | Lost mutation: You are weak. (Str -2) [potion of mutation]
   300 | D        | Gained mutation: You are robust. (+10% HP) [potion of mutation]
   300 | D        | Gained mutation: Your muscles are strong. (Str +2) [potion of mutation]
   439 | D        | Noticed a water elemental
   446 | D        | Killed a water elemental
   446 | D        | Reached skill level 7 in Spellcasting
   446 | D        | Reached skill level 5 in Fire Magic
   506 | D        | Killed a yaktaur
   539 | D        | Found a radiant altar of Vehumet.
   540 | D        | Found a deep blue altar of Sif Muna.
   540 | D        | Found an ancient bone altar of Kikubaaqudgha.
   540 | D        | Noticed a wizard
   541 | D        | Killed a wizard
   541 | D        | Reached XP level 5. HP: 35/35 MP: 17/17
   555 | D        | Learned a level 5 spell: Fireball
   560 | D        | Became a worshipper of Vehumet
   570 | D        | Found a glowing silver altar of Zin.
   571 | D        | Found a glowing golden altar of the Shining One.
   571 | D        | Found a white marble altar of Elyvilon.
   571 | D        | Noticed a deep elf mage
   574 | D        | Noticed an ice beast
   575 | D        | Killed a deep elf mage
   575 | D        | Reached skill level 5 in Short Blades
   575 | D        | Reached skill level 10 in Spellcasting
   575 | D        | Reached skill level 5 in Conjurations
   575 | D        | Reached XP level 6. HP: 42/42 MP: 12/21
   575 | D        | Reached XP level 7. HP: 48/48 MP: 13/23
   632 | D        | Found a hide-covered altar of Uskayaw.
   632 | D        | Found a roughly hewn altar of Beogh.
   632 | D        | Found an iron altar of Okawaru.
   632 | D        | Found a bloodstained altar of Trog.
   632 | D        | Found an ornate altar of the Wu Jian Council.
   632 | D        | Noticed a human
   634 | D        | Noticed a human
   640 | D        | Killed a human
   640 | D        | Reached skill level 11 in Spellcasting
   647 | D        | Killed a human
   647 | D        | Reached * piety under Vehumet
   647 | D        | Offered knowledge of Sandblast by Vehumet.
   811 | D        | Found a basalt altar of Yredelemnul.
   811 | D        | Found a shadowy altar of Dithmenos.
   811 | D        | Found a sacrificial altar of Ru.
   818 | D        | Reached skill level 5 in Fighting
   866 | D        | Reached ** piety under Vehumet
   868 | D        | Noticed a shadow
   879 | D        | Killed a shadow
   879 | D        | Offered knowledge of Shock by Vehumet.
   879 | D        | Reached skill level 5 in Armour
   879 | D        | Reached skill level 12 in Spellcasting
   879 | D        | Reached XP level 8. HP: 53/53 MP: 10/26
   959 | D        | Found a blossoming altar of Fedhas.
   959 | D        | Found a stormy altar of Qazlal.
   959 | D        | Found a snail-covered altar of Cheibriados.
   959 | D        | Found a burning altar of Makhleb.
   959 | D        | Found a shimmering altar of Xom.
   960 | D        | Found a hazy altar of Hepliaklqana.
   960 | D        | Found an opulent altar of Gozag.
   960 | D        | Found a sparkling altar of Nemelex Xobeh.
   960 | D        | Found a corrupted altar of Lugonu.
   960 | D        | Found a viscous altar of Jiyva.
  1097 | D        | Offered knowledge of Searing Ray by Vehumet.
  1104 | D        | Reached *** piety under Vehumet
  1272 | D        | Noticed a two-headed ogre
  1279 | D        | Killed a two-headed ogre
  1279 | D        | Offered knowledge of Olgreb's Toxic Radiance by Vehumet.
  1279 | D        | Reached skill level 13 in Spellcasting
  1285 | D        | Learned a level 4 spell: Olgreb's Toxic Radiance
  1541 | D        | Noticed a two-headed ogre
  1541 | D        | Noticed Erolcha
  1550 | D        | Killed Erolcha
  1550 | D        | Reached XP level 9. HP: 23/60 MP: 12/28
  1552 | D        | Killed a two-headed ogre
  1552 | D        | Reached skill level 14 in Spellcasting
  1558 | D        | Reached **** piety under Vehumet
  1558 | D        | Offered knowledge of Venom Bolt by Vehumet.
  1909 | D        | Reached ***** piety under Vehumet
  1909 | D        | Offered knowledge of Lee's Rapid Deconstruction by Vehumet.
  1910 | D        | Reached skill level 10 in Dodging
  1911 | D        | Reached ****** piety under Vehumet
  1911 | D        | Reached XP level 10. HP: 69/69 MP: 30/30
  1924 | D        | Reached skill level 15 in Spellcasting
  1924 | D        | Reached skill level 5 in Poison Magic
  2077 | D        | Offered knowledge of Fulminant Prism by Vehumet.
  2135 | D        | Noticed a spiny frog
  2135 | D        | Noticed a spiny frog
  2139 | D        | Killed a spiny frog
  2139 | D        | Reached skill level 10 in Fire Magic
  2144 | D        | Killed a spiny frog
  2239 | D        | Offered knowledge of Irradiate by Vehumet.
  2243 | D        | Reached skill level 10 in Conjurations
  2291 | D        | Noticed a lindwurm
  2300 | D        | Killed a lindwurm
  2300 | D        | Reached skill level 16 in Spellcasting
  2577 | D        | Noticed Urug
  2591 | D        | Killed Urug
  2591 | D        | Reached XP level 11. HP: 56/74 MP: 30/33
  2738 | D        | Offered knowledge of Bolt of Magma by Vehumet.
  2786 | D        | Learned a level 5 spell: Bolt of Magma
  3079 | D        | Noticed an orc high priest
  3081 | D        | Offered knowledge of Ozocubu's Refrigeration by Vehumet.
  3086 | D        | Killed an orc high priest
  3086 | D        | Reached skill level 17 in Spellcasting
  3088 | D        | Found Lellall's General Store.
  3230 | D        | Noticed Rupert
  3260 | D        | Paralysed by Rupert for 6 turns
  3267 | D        | Slain by Rupert

Vault maps used:
D:        dungeon_sprint_mu

Skill      XL: |  1  2  3  4  5  6  7  8  9 10 11 |
---------------+----------------------------------+-----
Fighting       | 1 2 4 5 6 7 8 |  8.5
Short Blades   | 1 2 3 5 6 7 8 9 |  9.7
Armour         | 1 2 4 5 6 7 8 |  8.3
Dodging        | 3 4 6 7 9 10 11 | 11.9
Spellcasting   | 5 6 7 10 12 13 14 16 17 | 17.1
Conjurations   | 2 3 5 6 8 9 10 | 10.8
Fire Magic     | 4 5 6 7 8 9 10 11 | 11.0
Poison Magic   | 2 4 6 7 |  7.4
Stealth        | |  2.4

Action                   |  1- 3 |  4- 6 |  7- 9 | 10-12 || total
-------------------------+-------+-------+-------+-------++-------
Melee: Unarmed           |     1 |       |       |       ||     1
       Dagger            |       |     3 |     2 |    17 ||    22
 Cast: Flame Tongue      |    14 |     4 |    63 |    58 ||   139
       Throw Flame       |     2 |       |       |     1 ||     3
       Conjure Flame     |       |     1 |     8 |     2 ||    11
       Sticky Flame      |       |     1 |     9 |    10 ||    20
       Inner Flame       |       |       |     3 |       ||     3
       Olgreb's Toxic Ra |       |       |     3 |    12 ||    15
       Bolt of Magma     |       |       |       |     6 ||     6
       Fireball          |       |       |       |     1 ||     1
  Use: Potion            |       |     3 |     1 |     1 ||     5
       Scroll            |       |     3 |       |     1 ||     4
 Stab: Sleeping          |       |     3 |       |     2 ||     5
  Eat: Royal jelly       |       |       |     2 |       ||     2
       Chunk             |       |       |     1 |     1 ||     2
       Bread ration      |       |       |       |     1 ||     1
Armor: Robe              |       |     1 |     1 |     5 ||     7
Dodge: Dodged            |     4 |     1 |    13 |    51 ||    69
